Map: Acropolis LE

Players

masternemo

  • Race: Zerg Zerg
  • League: Gold
  • Spawn Location: 5:00

Rederoin - Winner!

  • Race: Protoss Protoss
  • League: Gold
  • Spawn Location: 11:00

VOD

Have the link to the VOD?

Description

Time

  • Played on: Sept. 27, 2019, 4:02 p.m.
  • Length: 3:29
Show
View Real Time Build Order
Export as new Build Order

masternemo Zerg 

Build Orders: Pool First 

Get SALT Encoding   

  12  0:18  Overlord  
  12  0:22  Drone  
  12  0:23  Drone  
  14  0:39  Spawning Pool  
  14  0:40  Drone  
  14  0:45  Drone  
  15  1:10  Drone, Hatchery  
  15  1:14  Drone  
  16  1:18  Drone  
  16  1:23  Drone  
  18  1:27  Extractor  
  17  1:44  Drone  
  17  1:46  Drone  
  19  1:57  Overlord  
  19  2:00  Queen  
  21  2:07  Overlord  
  21  2:18  Extractor  
  20  2:25  Drone x2  
  22  2:30  Queen  
  24  2:40  Zergling x6  
  27  2:56  Zergling x6  
  27  3:06  Zergling x4  
Show
View Real Time Build Order
Export as new Build Order

Rederoin Protoss - Winner!

Build Orders:  

Get SALT Encoding   

  12  0:01  Probe  
  13  0:13  Probe  
  14  0:25  Probe  
  15  0:41  Pylon  
  15  1:01  Gateway  
  15  1:04  Gateway  
  15  1:06  Gateway  
  15  1:10  Gateway  
  19  1:56  Zealot x2 (Chrono Boost)  
  19  2:01  Zealot x2 (Chrono Boost)  
  23  2:12  Pylon  
  23  2:14  Pylon  
  23  2:30  Zealot x2  
  27  2:53  Zealot  
  27  2:54  Zealot  
Tags
 
League
GoldGold
Matchup
PvZ
Opening
Pool First
Spawn Locations
Cross Positions
Add a new tag
Caveats
  • Supply blocks, unpowered buildings, or Contaminate may cause inaccurate times.
  • Supply counts are checked every 10 seconds.